 Dungeon Crawl Stone Soup version 0.29-a0-1023-g6ae1a4a2c7 (webtiles) character file.

Game seed: 6935420628290654924

328209 Sobieck the Intangible (level 22, -21/140 HPs)
             Began as a Kobold Berserker on Aug 11, 2022.
             Was the Champion of Trog.
             Demolished by a war gargoyle
             ... wielding a +3 flail of protection
             ... led by a peacekeeper
              (38 damage)
             ... on level 3 of the Vaults.
             The game lasted 02:46:46 (49794 turns).

Sobieck the Intangible (Kobold Berserker)          Turns: 49794, Time: 02:46:47

Health: -21/140    AC: 16    Str: 16    XL:     22   Next: 66%
Magic:  22/22      EV: 47    Int: 13    God:    Trog [******]
Gold:   2340       SH: 13    Dex: 29    Spells: 21/21 levels left

rFire   . . .      SeeInvis +   b - +9 rapier (elec) {short}
rCold   . . .      Faith    .   T - +3 buckler {reflect}
rNeg    . . .      Spirit   .   S - +1 robe of Vines {NoPotionHeal Regen++++}
rPois   .          Reflect  +   W - +4 hat of Qiggichuet {Dex+6}
rElec   +          Harm     .   c - +2 cloak
rCorr   .          Rampage  .   M - +0 pair of gloves "Fauton" {Will+}
Will    +++++                   U - +2 pair of boots "Liopre" {rElec Int+4} Stlth *+++++++++
                                d - amulet of the Flying Gods {rElec Regen+ Stlth+}
HPRegen 5.33/turn               s - ring of see invisible
MPRegen 0.18/turn               k - ring of willpower

@: strong-willed, regenerating, studying Staves
A: small, no large weapons, nightstalker 3
}: 2/15 runes: decaying, gossamer
a: Renounce Religion, Berserk, Trog's Hand, Brothers in Arms


You were on level 3 of the Vaults.
You worshipped Trog.
Trog was exalted by your worship.
You visited 7 branches of the dungeon, and saw 36 of its levels.
You also visited: Ossuary.

You collected 4469 gold pieces.
You spent 2129 gold pieces at shops.


Innate Abilities, Weirdness & Mutations

You are small and have problems with some larger weapons.
You are completely attuned to the shadows.


   Skills:
 - Level 15.0 Fighting
 - Level 14.0 Short Blades
 - Level 10.0 Throwing
 + Level 9.0 Armour
 O Level 27 Dodging
 - Level 23.0 Stealth
 - Level 12.0 Shields
 - Level 14.0 Evocations


You had 21 spell levels left.
You didn't know any spells.
Your spell library contained the following spells:

 Spells                   Type           Power      Damage    Failure   Level
 Freeze                   Ice            0%         1d3       36%         1
 Shock                    Conj/Air       0%         1d3       36%         1
 Slow                     Hex            0%         N/A       36%         1
 Blink                    Tloc           0%         N/A       52%         2
 Poisonous Vapours        Pois/Air       0%         N/A       52%         2
 Static Discharge         Conj/Air       0%         3-3/arc   52%         2
 Confusing Touch          Hex            0%         N/A       75%         3
 Frozen Ramparts          Ice            0%         1d1       75%         3
 Ignite Poison            Fire/Tmut/Pois 0%         N/A       75%         3
 Lesser Beckoning         Tloc           0%         N/A       75%         3
 Portal Projectile        Hex/Tloc       0%         N/A       75%         3
 Swiftness                Air            0%         N/A       75%         3
 Tukima's Dance           Hex            0%         N/A       75%         3
 Vampiric Draining        Necr           0%         2d6       75%         3
 Airstrike                Air            0%         2d(0-16)  98%         4
 Animate Dead             Necr           0%         N/A       98%         4
 Corpse Rot               Necr/Pois/Air  0%         N/A       98%         4
 Dispel Undead            Necr           0%         3d6       98%         4
 Hailstorm                Conj/Ice       0%         3d3       98%         4
 Ice Form                 Ice/Tmut       0%         N/A       98%         4
 Sticky Flame             Conj/Fire      0%         2d3       98%         4
 Summon Ice Beast         Ice/Summ       0%         N/A       98%         4
 Summon Lightning Spire   Summ/Air       0%         N/A       98%         4
 Blade Hands              Tmut           0%         N/A       100%        5
 Borgnjor's Vile Clutch   Necr/Erth      0%         N/A       100%        5
 Fireball                 Conj/Fire      0%         3d3       100%        5
 Lightning Bolt           Conj/Air       0%         1d11      100%        5
 Manifold Assault         Tloc           0%         N/A       100%        5
 Death Channel            Necr           0%         N/A       100%        6
 Starburst                Conj/Fire      0%         6d3       100%        6

Inventory:

Hand Weapons
 a - the +8 Vampire's Tooth {vamp}
   (You acquired it on level 6 of the Dungeon)

   It occasionally heals its wielder for the full amount of damage dealt when it
   wounds a living foe.
 b - a +9 rapier of electrocution (weapon) {short}
   (You took it off Nikola on level 3 of the Swamp)
 t - a +5 vorpal quick blade {shortrare=g}
   (Trog gifted it to you on level 1 of the Spider Nest)
 P - a +5 quick blade of protection {shortrare=g}
   (Trog gifted it to you on level 3 of the Spider Nest)
Missiles
 o - 3 boomerangs of dispersal {=f!fthrowing}
 B - 2 throwing nets {=f!fthrowing}
 L - 17 boomerangs (quivered) {throwing}
 N - 2 silver boomerangs {throwing}
Armour
 c - a +2 cloak (worn)
   (You took it off Nikola on level 3 of the Swamp)
 M - the +0 pair of gloves "Fauton" (worn) {Will+}
   (You found it on level 3 of the Elven Halls)

   Will:      It increases your willpower.
 S - the +1 robe of Vines (worn) {NoPotionHeal Regen++++}
   (You took it off a meliai on level 1 of the Spider Nest)

   Its wearer cannot be healed by potions.
   Regen:     It increases your rate of health regeneration.
 T - a +3 buckler of reflection (worn)
   (You took it off a spriggan on level 5 of the Lair of Beasts)
 U - the +2 pair of boots "Liopre" (worn) {rElec Int+4}
   (You acquired it on level 6 of the Dungeon)

   Int:       It affects your intelligence (+4).
   rElec:     It insulates you from electricity.
 W - the +4 hat of Qiggichuet (worn) {Dex+6}
   (You found it on level 4 of the Spider Nest)

   Dex:       It affects your dexterity (+6).
Jewellery
 d - the amulet of the Flying Gods (around neck) {rElec Regen+ Stlth+}
   (You took it off a deep elf knight on level 3 of the Elven Halls)

   [amulet of regeneration]

   rElec:     It insulates you from electricity.
   Regen:     It increases your rate of health regeneration.
   Stlth:     It makes you more stealthy.
 k - a ring of willpower (right hand)
   (You found it on level 8 of the Dungeon)
 l - a ring of protection from cold
   (You found it on level 11 of the Dungeon)
 n - the ring "Iziclor" {Fly Int+6}
   (You took it off a deep elf master archer on level 3 of the Elven Halls)

   [ring of flight]

   Int:       It affects your intelligence (+6).
   Fly:       It grants you flight.
 s - a ring of see invisible (left hand)
   (You found it on level 3 of the Spider Nest)
 Z - a ring of poison resistance
   (You found it on level 1 of the Lair of Beasts)
Wands
 y - a wand of roots (58)
   (You found it on level 6 of the Dungeon)
 A - a wand of acid (13)
   (You found it on level 6 of the Dungeon)
 K - a wand of digging (21)
   (You found it on level 6 of the Dungeon)
 O - a wand of mindburst (11)
   (You found it on level 2 of the Vaults)
Scrolls
 f - a scroll of enchant armour
 g - 3 scrolls of silence {!r}
 h - 4 scrolls of magic mapping {!r}
 i - 8 scrolls of teleportation {@r4}
 j - a scroll of summoning
 m - 3 scrolls of enchant weapon
 p - 4 scrolls of blinking {!r}
 q - a scroll of poison {!r}
 x - 5 scrolls of butterflies
 E - 6 scrolls of vulnerability {!r!r}
 F - 8 scrolls of immolation {!r!r}
 X - 7 scrolls of fear
Potions
 e - 10 potions of haste {@q3}
 u - 23 potions of curing {@q1}
 v - 3 potions of cancellation
 z - 6 potions of mutation {!q}
 C - 4 potions of might
 D - 5 potions of invisibility
 G - 5 potions of resistance
 J - 3 potions of ambrosia
 Q - 10 potions of lignification {!q}
 R - 4 potions of attraction {!q}
 Y - 6 potions of magic
Miscellaneous
 r - a phial of floods
   (You found it on level 3 of the Elven Halls)
 w - a phantom mirror
   (You found it on level 4 of the Lair of Beasts)
 H - a condenser vane
   (You found it on level 10 of the Dungeon)
 I - a box of beasts
   (You found it on level 3 of the Elven Halls)
 V - a lightning rod (4/4)
   (You found it on level 3 of the Elven Halls)

Dungeon Overview and Level Annotations

Branches:
Dungeon (15/15) Zot: 25172  Temple (0/1) D:5            Lair (5/5) D:10 Zot: 23465
  Swamp (4/4) Lair:3 Zot: 19678  Spider (4/4) Lair:2 Zot: 17518   Slime (0/5) Lair:4
    Orc (2/2) D:9 Zot: 10499     Elf (3/3) Orc:2 Zot: 14317  Vaults (3/5) D:13 Zot: 13996
  Crypt (0/3) Vaults:3     Depths (0/4) D:15        Ossuary (visited)

Altars:
Ashenzari
Cheibriados
Dithmenos
Elyvilon
Okawaru
Qazlal
Trog
Uskayaw
Vehumet
Yredelemnul
Zin

Shops:
D:6 (   D:10 **   D:11 [   D:12 *   Orc:2 [[(?*   Elf:2 *   Vaults:3 ?

Annotations:
D:4 exclusion: downstairs
Lair:1 exclusion: 2 oklob plants
Lair:2 2 transporters
Swamp:1 2 transporters, Kowneoh's ghost, adept DjGl
Spider:1 Roxanne
Elf:2 6 runed translucent doors, marklar909's ghost, adept PaFi
Vaults:2 exclusion: downstairs

.......p....# ............#
............# ##########'###
##########......#####
.#.#.#.#.##......+.#.#.
...........#......#...+.
#..........T##..<...))..+.
###...#..#..#..)@9.....#)))+.
..##...........##).....#.#.#.
..#.....#.#.....#......#####
..##..#.....#..#########
#.#)....#.#.....#
#.##...........##
'.'...#..#..#...
#.##......... #)#........


You could see a war gargoyle (strong, ally target) and a friendly troll
(summoned, berserk).


Message History

You kill the yaktaur!
Trog accepts your kill.
You hit the war gargoyle but do no damage.
The war gargoyle closely misses you.
You hit the peacekeeper but do no damage.
The peacekeeper misses you. x2
You hit the peacekeeper but do no damage.
The war gargoyle launches metal splinters at you.
The spray of metal splinters misses you.
You hit the peacekeeper but do no damage.
You block the peacekeeper's attack. x2; The war gargoyle completely misses you.
You hit the peacekeeper but do no damage.
You block the peacekeeper's attack. The peacekeeper completely misses you.
The war gargoyle completely misses you.
You hit the peacekeeper but do no damage.
The peacekeeper completely misses you. You block the peacekeeper's attack.
You hit the peacekeeper but do no damage.
The war gargoyle completely misses you. You block the peacekeeper's attack. x2
You puncture the yaktaur! Lightning courses through the yaktaur!
You kill the yaktaur!
Trog accepts your kill.
The war gargoyle launches metal splinters at you.
The spray of metal splinters misses you.
The peacekeeper barely misses you. The peacekeeper completely misses you.
Your Armour skill increases to level 9!
You hit the peacekeeper. The war gargoyle completely misses you.
You hit the peacekeeper. You block the peacekeeper's attack.
The peacekeeper completely misses you.
The war gargoyle hits you with a +3 flail of protection!!
You hit the peacekeeper but do no damage.
The peacekeeper roars a battlecry!
The war gargoyle goes into a battle-frenzy!
You puncture the peacekeeper! You block the war gargoyle's attack.
You block the peacekeeper's attack. The peacekeeper completely misses you.
You hit the peacekeeper but do no damage.
The war gargoyle launches metal splinters at you.
The spray of metal splinters misses you.
You block the peacekeeper's attack. The peacekeeper completely misses you.
You hit the peacekeeper but do no damage.
The war gargoyle barely misses you.
You hit the peacekeeper. The peacekeeper misses you.
You block the peacekeeper's attack.
You barely miss the peacekeeper. You block the peacekeeper's attack. x2
You block the war gargoyle's attack.
You puncture the peacekeeper!
The peacekeeper completely misses you. x2
The war gargoyle misses you.
You barely miss the peacekeeper. You block the peacekeeper's attack.
The peacekeeper completely misses you.
The war gargoyle launches metal splinters at you.
The spray of metal splinters hits you!!
You are too injured to fight recklessly!
You are too injured to fight recklessly!
You are too injured to fight recklessly!
You are too injured to fight recklessly!
You are too injured to fight recklessly!
You are too injured to fight recklessly!
You hit the peacekeeper but do no damage.
You block the peacekeeper's attack. The peacekeeper completely misses you.
You puncture the peacekeeper! The war gargoyle completely misses you.
You hit the peacekeeper but do no damage.
You block the peacekeeper's attack. x2
The war gargoyle launches metal splinters at you.
The spray of metal splinters hits you!!!
* * * LOW HITPOINT WARNING * * *
You puncture the peacekeeper!
You destroy the peacekeeper!
Trog accepts your kill. You block the war gargoyle's attack.
You hit the war gargoyle.
You hit the war gargoyle but do no damage.
The war gargoyle hits you with a +3 flail of protection.
You puncture the war gargoyle!
The war gargoyle hits you with a +3 flail of protection!!!
* * * LOW HITPOINT WARNING * * *
You hit the war gargoyle but do no damage.
You hit the war gargoyle but do no damage.
The war gargoyle launches metal splinters at you.
The spray of metal splinters misses you.
Your skin crawls.
You feel strong-willed.
The war gargoyle completely misses you. x2
You hit the war gargoyle but do no damage.
You hit the war gargoyle but do no damage.
The war gargoyle barely misses you.
You hit the war gargoyle but do no damage.
The war gargoyle launches metal splinters at you.
The spray of metal splinters misses you.
Unknown command.
You hit the war gargoyle but do no damage.
You hit the war gargoyle but do no damage.
The war gargoyle hits you with a +3 flail of protection!!!
* * * LOW HITPOINT WARNING * * *
Unknown command.
Your troll goes berserk!
The war gargoyle launches metal splinters at you.
The spray of metal splinters misses you.
The war gargoyle completely misses you.
The war gargoyle attacks as you move away!
The war gargoyle hits you with a +3 flail of protection!!!
You die...

Skill      XL: |  1  2  3  4  5  6  7  8  9 10 11 12 13 14 15 16 17 18 19 20 21 22 |
---------------+-------------------------------------------------------------------+-----
Stealth        | 2 4 5 6 10 14 15 17 20 21 23 | 23.0
Throwing       | 2 3 4 6 7 9 10 | 10.0
Evocations     | 1 3 4 6 7 9 11 14 | 14.0
Fighting       | 5 8 9 10 12 13 15 | 15.0
Dodging        | 5 7 9 11 13 14 16 17 19 21 23 26 27 | 27.0
Short Blades   | 7 9 11 14 | 14.0
Shields        | 4 5 7 9 11 12 | 12.0
Armour         | 3 5 9 |  9.0

Action                   |  1- 3 |  4- 6 |  7- 9 | 10-12 | 13-15 | 16-18 | 19-21 | 22-24 || total
-------------------------+-------+-------+-------+-------+-------+-------+-------+-------++-------
Melee: Short sword       |    55 |   176 |   165 |       |       |       |       |       ||   396
       Punch             |     1 |     2 |     2 |     4 |       |       |       |       ||     9
       Unarmed           |       |     5 |       |       |       |       |       |       ||     5
       Quick blade       |       |       |   108 |   973 |  2277 |  2176 |   322 |       ||  5856
       Rapier            |       |       |       |       |       |   572 |  1839 |   469 ||  2880
 Fire: Sling             |    12 |     6 |       |       |       |       |       |       ||    18
Throw: Dart              |       |       |       |       |    17 |     2 |       |       ||    19
       Boomerang         |       |       |       |       |       |    18 |    21 |       ||    39
Invok: Berserk           |     2 |     4 |     5 |     8 |     8 |    13 |     7 |     2 ||    49
       Brothers in Arms  |       |       |       |     1 |       |     2 |     2 |     3 ||     8
       Trog's Hand       |       |       |       |       |       |     2 |     2 |     3 ||     7
  Use: Scroll            |     6 |     6 |     5 |     8 |    10 |    15 |     5 |     1 ||    56
       Potion            |       |       |       |     2 |     2 |     2 |     5 |       ||    11
 Stab: Sleeping          |     2 |    19 |    17 |    34 |    68 |    90 |    84 |    16 ||   330
       Distracted        |       |     2 |       |     7 |     8 |    15 |    12 |     5 ||    49
       Petrified         |       |       |       |       |     5 |       |       |       ||     5
       Petrifying        |       |       |       |       |     1 |       |       |       ||     1
Armor: Animal skin       |    12 |     2 |       |       |       |       |       |       ||    14
       Leather armour    |       |    36 |    24 |    67 |       |       |       |       ||   127
       Skin              |       |     2 |       |       |       |       |       |       ||     2
       Troll leather arm |       |       |       |    17 |   204 |   228 |       |       ||   449
       Robe              |       |       |       |       |       |    42 |   168 |    12 ||   222
Dodge: Dodged            |    40 |   107 |   102 |   305 |   845 |  1495 |  1614 |   291 ||  4799
Block: Buckler           |       |       |       |    93 |   313 |   784 |  1001 |   160 ||  2351
       Reflection        |       |       |       |       |       |     6 |    25 |    14 ||    45

Levels and vault maps discovered:
D:1:      tarquinn_simple_flora_water_c, layout_loops_cross, minmay_distorted
D:2:      wad_pebble_path, layout_basic, ebering_ecumenical_altar_webs
D:3:      layout_rooms, cheibrodos_sewer_entry_sluice, serial_undead,
          serial_undead_e, serial_undead_c, serial_undead_c, serial_undead_e,
          serial_undead_c, serial_undead_e, serial_undead_c, serial_undead_d,
          serial_undead_b, serial_undead_f, cheibrodos_gnoll_hut
D:4:      layout_gridville, mainiacjoe_overflow_catwalk_spiral,
          hangedman_abyss_or_decor_slice, hex_tiny, st_stairs_6, uniq_pikel
D:5:      layout_basic, mainiacjoe_overflow_brackets,
          minmay_temple_entry_overgrown, enter_ossuary_4, uniq_duvessa,
          uniq_grinder, uniq_eustachio, uniq_menkaure
D:6:      layout_cave_pools, marbit_many_paths,
          nicolae_dithmenos_through_a_glass_darkly, nicolae_overflow_squiral,
          serial_shops, nicolae_shop_trees, reono_crystal_passage,
          nrook_pool_corridor, uniq_blork_the_orc
D:7:      layout_loops_corners, minivault_23, nicolae_underground_beach
D:8:      layout_basic, lemuel_doored_altar, nicolae_overflow_hidden_temple,
          serial_demonic, serial_demonic_e, serial_demonic_e, serial_demonic_d,
          serial_demonic_c, dreamdust_deal_with_the_devil, minmay_manual_maat,
          uniq_maurice, uniq_joseph
D:9:      layout_basic, erik_orc_1
D:10:     layout_basic, overflow_temple_1_default, david_lair_generic,
          special_room [special_room_orc], nicolae_inconvenience_store,
          nicolae_island_escapes, uniq_gastronok
D:11:     layout_rooms, serial_shops, nicolae_square_shop, uniq_josephine
D:12:     layout_irregular_city, gauntlet_entry_generic, guppyfry_shop_venom
D:13:     layout_loops_ring, grunt_vaults_entry_fortified
D:14:     layout_irregular_city, minmay_misc_feat_alley,
          chequers_serial_rivers_micro_d
D:15:     grunt_enter_depths_giant_problem, layout_loops_cross,
          hangedman_abyss_or_decor_stagger, minmay_misc_feat_five
Lair:1:   minmay_lair_oklob_chamber, layout_cave_pods,
          portal_ice_cave_entry_ice_simulacra, chequers_serial_rivers_large_b,
          serial_bayou_lagoon_a, serial_bayou_lake_a, infiniplex_staircase_pool,
          serial_bayou_shore_a
Lair:2:   layout_long_grid, spider_nest_entry_webs, gammafunk_ghost_hive
Lair:3:   dreamdust_cave_troll, layout_misc_corridors, minmay_swamp_entry_worms,
          nicolae_volcano_entry_lava_flow, basic_altar
Lair:4:   layout_cave_pods, slime_entry_1, chequers_serial_rivers_micro_b,
          infiniplex_staircase_pool_2, uniq_nessos, uniq_rupert
Lair:5:   minmay_lair_end_enchanted_forest, layout_loops_ring,
          grunt_megastairs_3, serial_bayou_shore_b
Swamp:1:  layout_falls_marsh, gammafunk_ghost_mausoleum,
          evilmike_swamp_ruin_house_5, swamp_pool4, hangedman_swamp_lotus
Swamp:2:  cheibrodos_swamp_tower_of_moss, layout_basic_swamp, serial_swamp_ruin,
          evilmike_swamp_ruin_rubble_2, hangedman_swamp_ruin_hall
Swamp:3:  layout_basic_swamp, evilmike_swamp_ruin_rubble_1, swamp_pool3,
          uniq_nikola, uniq_aizul
Swamp:4:  swamp_basic_johnstein, layout_basic_swamp
Spider:1: cheibrodos_spider_silkery, hangedman_spider_tarantella_strand,
          uniq_roxanne, uniq_mlioglotl
Spider:2: layout_chambers
Spider:3: layout_spider_delve, nicolae_spider_jagged_tunnels, uniq_jorgrun
Spider:4: grunt_spider_rune_island
Orc:1:    layout_caves
Orc:2:    st_orc_elflike, layout_diamond_mine, serial_shops, shop
Elf:1:    nicolae_elf_arrival_dilemma, layout_gridlike,
          minmay_elf_crystal_hexagon, minivault_28, uniq_azrael
Elf:2:    elven_hall_of_blades_hangedman_original
          [nicolae_blade_entry_floor_patterns], layout_geoelf_diagonals,
          gammafunk_ghost_split, serial_shops, nicolae_square_shop,
          guppyfry_elf_garden
Elf:3:    elf_hall, layout_geoelf_castle, palyth_stone_intersect
Vaults:1: mu_enter_wizlab_5, nicolae_vaults_little_squares_2,
          ontoclasm_vaults_eye, v_misc_28, nicolae_vaults_mini_display_case,
          nicolae_vaults_little_squares_2, vaults_mumra_hexcomb,
          vaults_mumra_hex, kb_rosetta, nicolae_vaults_little_ls,
          nicolae_vaults_theta, vaults_dpeg_ring, layout_vaults_chaotic_city
Vaults:2: vaults_room_door_hall, v_misc_11, v_pattern_1, v_misc_23, v_misc_8,
          vaults_mumra_lcd, layout_vaults_omnicross
Vaults:3: minmay_crypt_entry_simple_round, nicolae_vaults_an_arrangement,
          v_misc_2, hangedman_vaults_stretched_pinwheel,
          hangedman_vaults_stagger, grunt_vaults_twisty, v_misc_10,
          nicolae_vaults_theta, nicolae_vaults_border_crossing,
          hangedman_vaults_capsules, vaults_room_grid, vaults_room_hallway,
          layout_vaults_maze_bifur, serial_shops, shop, uniq_zenata,
          uniq_saint_roka

Notes
Turn   | Place    | Note
-------+----------+-------------------------------------------
     0 | D:1      | Sobieck the Kobold Berserker began the quest for the Orb.
     0 | D:1      | Reached XP level 1. HP: 14/14 MP: 1/1
    39 | D:1      | Reached skill level 1 in Stealth
    45 | D:1      | Reached skill level 2 in Stealth
    50 | D:1      | Reached XP level 2. HP: 12/19 MP: 2/2
   522 | D:1      | Reached skill level 3 in Stealth
   859 | D:1      | You pick up a book of Spatial Translocations {forbidden}
                  | and begin reading...
   859 | D:1      | You add the spells Blink, Lesser Beckoning and Manifold
                  | Assault to your library.
  1160 | D:1      | Identified a scroll of acquirement
  1160 | D:1      | Acquired a manual of Fighting
  1215 | D:2      | Reached skill level 4 in Stealth
  1215 | D:2      | Reached XP level 3. HP: 23/23 MP: 3/3
  1268 | D:2      | Found a faded altar of an unknown god.
  1422 | D:2      | You pick up a book of Weapons {forbidden} and begin
                  | reading...
  1422 | D:2      | You add the spells Tukima's Dance, Portal Projectile and
                  | Blade Hands to your library.
  1478 | D:2      | Reached skill level 5 in Stealth
  1478 | D:2      | Reached XP level 4. HP: 28/28 MP: 4/4
  1730 | D:2      | Reached ** piety under Trog
  1834 | D:2      | Reached skill level 1 in Throwing
  1891 | D:2      | You pick up a book of Vapours {forbidden} and begin
                  | reading...
  1891 | D:2      | You add the spells Poisonous Vapours and Corpse Rot to your
                  | library.
  2264 | D:3      | Reached skill level 2 in Throwing
  2265 | D:3      | Reached XP level 5. HP: 23/32 MP: 5/5
  2526 | D:3      | Reached skill level 3 in Throwing
  3115 | D:3      | Reached skill level 1 in Evocations
  3115 | D:3      | Reached XP level 6. HP: 38/38 MP: 6/6
  3120 | D:3      | Reached skill level 4 in Fighting
  3120 | D:3      | Reached skill level 3 in Dodging
  3206 | D:3      | Reached skill level 5 in Short Blades
  3596 | D:3      | Reached skill level 2 in Evocations
  3771 | D:4      | Noticed Pikel
  4012 | D:4      | Found a bloodstained altar of Trog.
  4527 | D:4      | Killed Pikel
  4528 | D:4      | Reached skill level 5 in Fighting
  4528 | D:4      | Reached skill level 7 in Short Blades
  4528 | D:4      | Reached skill level 5 in Dodging
  4528 | D:4      | Reached skill level 3 in Evocations
  4528 | D:4      | Reached XP level 7. HP: 45/45 MP: 7/7
  4528 | D:4      | Reached XP level 8. HP: 51/51 MP: 8/8
  4649 | D:4      | Found a glowing silver altar of Zin.
  5080 | D:5      | Entered Level 5 of the Dungeon
  5080 | D:5      | Found a staircase to the Ecumenical Temple.
  5084 | D:5      | Reached skill level 6 in Fighting
  5265 | D:5      | Noticed Eustachio
  5333 | D:5      | Killed Eustachio
  5334 | D:5      | Reached skill level 7 in Fighting
  5334 | D:5      | Reached skill level 8 in Short Blades
  5402 | D:5      | Noticed Menkaure
  5406 | D:5      | Killed Menkaure
  5407 | D:5      | Reached skill level 9 in Short Blades
  5443 | D:5      | Found a sand-covered staircase.
  5460 | Ossuary  | Entered an ossuary
  5564 | Ossuary  | Reached *** piety under Trog
  5704 | D:5      | Noticed Dowan
  5836 | D:6      | Reached skill level 8 in Fighting
  5836 | D:6      | Reached XP level 9. HP: 59/59 MP: 9/9
  5873 | D:6      | Found a white marble altar of Elyvilon.
  5874 | D:6      | Found a radiant altar of Vehumet.
  5897 | D:6      | Reached skill level 10 in Short Blades
  6263 | D:6      | Found a shadowy altar of Dithmenos.
  6304 | D:6      | Identified a +2 robe of the Archmagi
  6304 | D:6      | Noticed Blork the orc
  6309 | D:6      | Reached skill level 9 in Fighting
  6312 | D:6      | HP: 19/90 [Blork the orc/magic dart (6)]
  6313 | D:6      | Killed Blork the orc
  6314 | D:6      | Reached skill level 11 in Short Blades
  6806 | D:6      | Acquired the +8 Vampire's Tooth {vamp}
  6806 | D:6      | Found the +8 Vampire's Tooth {vamp}
  6808 | D:6      | Acquired a +2 helmet of see invisible
  6815 | D:6      | Acquired the +2 pair of boots "Liopre" {rElec Int+4}
  6842 | D:5      | You pick up a book of Air {forbidden} and begin reading...
  6842 | D:5      | You add the spells Shock, Swiftness and Airstrike to your
                  | library.
  7166 | D:5      | Noticed Duvessa
  7170 | D:5      | Killed Duvessa
  7181 | D:5      | Killed Dowan
  7380 | D:5      | Noticed Grinder
  7393 | D:5      | Killed Grinder
  7394 | D:5      | Reached skill level 4 in Throwing
  7394 | D:5      | Reached skill level 6 in Stealth
  7394 | D:5      | Reached skill level 4 in Evocations
  7461 | D:5      | Found a stormy altar of Qazlal.
  7670 | D:6      | Reached **** piety under Trog
  7743 | D:6      | Found Nukhlaok's Weapon Emporium.
  7761 | D:6      | Reached XP level 10. HP: 68/68 MP: 10/10
  7784 | D:6      | Reached skill level 6 in Dodging
  7839 | D:6      | Found a hide-covered altar of Uskayaw.
  7859 | D:6      | Reached skill level 10 in Fighting
  8229 | D:7      | Reached skill level 7 in Stealth
  8366 | D:7      | You pick up a book of Debilitation {forbidden} and begin
                  | reading...
  8366 | D:7      | You add the spells Slow, Vampiric Draining and Confusing
                  | Touch to your library.
  8459 | D:7      | Reached skill level 5 in Evocations
  8484 | D:7      | Reached skill level 5 in Throwing
  8493 | D:7      | Reached skill level 8 in Stealth
  8703 | D:7      | Reached skill level 7 in Dodging
  8984 | D:7      | Reached skill level 9 in Stealth
  9253 | D:8      | Noticed Maurice
  9257 | D:8      | Killed Maurice
  9258 | D:8      | Reached skill level 6 in Evocations
  9291 | D:8      | Noticed a two-headed ogre
  9468 | D:8      | Noticed Joseph
  9684 | D:8      | Killed Joseph
  9685 | D:8      | Reached skill level 6 in Throwing
  9685 | D:8      | Reached skill level 10 in Stealth
  9685 | D:8      | Reached XP level 11. HP: 72/72 MP: 11/11
  9823 | D:8      | Reached skill level 1 in Shields
  9910 | D:8      | Killed a two-headed ogre
  9911 | D:8      | Reached skill level 8 in Dodging
  9911 | D:8      | Reached skill level 11 in Stealth
  9911 | D:8      | Reached skill level 2 in Shields
 10006 | D:8      | Reached ***** piety under Trog
 10172 | D:8      | Found a basalt altar of Yredelemnul.
 10292 | D:8      | Found the +15 Maxwell's patent armour {-Cast -Tele rElec
                  | Will+ rCorr}
 10643 | D:8      | Found an iron altar of Okawaru.
 10902 | D:9      | Noticed a two-headed ogre
 10911 | D:9      | Killed a two-headed ogre
 10912 | D:9      | Reached skill level 12 in Stealth
 11318 | D:9      | Reached skill level 3 in Shields
 11386 | D:9      | Reached skill level 9 in Dodging
 11426 | D:9      | Found a staircase to the Orcish Mines.
 11770 | D:10     | Entered Level 10 of the Dungeon
 11925 | D:10     | Found a staircase to the Lair.
 11925 | D:10     | Noticed Gastronok
 11947 | D:10     | Reached skill level 13 in Stealth
 12008 | D:10     | Killed Gastronok
 12009 | D:10     | Reached skill level 4 in Shields
 12133 | D:10     | Reached skill level 14 in Stealth
 12133 | D:10     | Reached XP level 12. HP: 77/77 MP: 12/12
 12736 | D:10     | Found a broken altar of Ashenzari.
 12761 | D:10     | You are sucked into a shaft and drop 1 floor!
 12900 | D:10     | Found Uqinonlo's Island Escapes.
 12911 | D:10     | Bought a scroll of blinking for 105 gold pieces
 13088 | D:10     | Found Raisyiv's Assorted Antiques.
 13122 | D:10     | Bought a potion of haste for 230 gold pieces
 13122 | D:10     | Bought 3 scrolls of identify for 138 gold pieces
 13210 | D:11     | Noticed Josephine
 13234 | D:11     | Reached skill level 15 in Stealth
 13237 | D:11     | Killed Josephine
 13238 | D:11     | Reached skill level 5 in Shields
 13242 | D:11     | You pick up a book of Frost {forbidden} and begin
                  | reading...
 13242 | D:11     | You add the spells Freeze, Frozen Ramparts and Hailstorm to
                  | your library.
 13245 | D:11     | Found Totzen's Armour Boutique.
 13250 | D:11     | Bought a +1 pair of gloves for 207 gold pieces
 13294 | D:11     | Reached skill level 2 in Armour
 13376 | D:11     | Noticed a centaur warrior
 13380 | D:11     | Killed a centaur warrior
 13382 | D:11     | Noticed a skeletal warrior
 13384 | D:11     | Noticed a skeletal warrior
 13385 | D:11     | Noticed a skeletal warrior
 13386 | D:11     | Killed a skeletal warrior
 13387 | D:11     | Noticed a skeletal warrior
 13432 | D:10     | Killed a skeletal warrior
 13433 | D:10     | Reached skill level 11 in Fighting
 13512 | D:10     | Killed a skeletal warrior
 13643 | D:10     | Killed a skeletal warrior
 14023 | D:12     | Reached skill level 7 in Evocations
 14102 | D:12     | Noticed an eight-headed hydra
 14121 | D:12     | Killed an eight-headed hydra
 14229 | D:12     | Reached skill level 3 in Armour
 14315 | D:12     | Reached skill level 12 in Fighting
 14382 | D:12     | Reached XP level 13. HP: 86/86 MP: 13/13
 14565 | D:12     | Found Jyanonorph's Serpentskin Sales.
 14696 | D:12     | Reached skill level 10 in Dodging
 15042 | D:13     | Noticed a centaur warrior
 15045 | D:13     | Reached skill level 8 in Evocations
 15047 | D:13     | Reached skill level 16 in Stealth
 15048 | D:13     | Killed a centaur warrior
 15049 | D:13     | Reached skill level 4 in Armour
 15468 | D:13     | Noticed a boulder beetle
 15505 | D:13     | Killed a boulder beetle
 15551 | D:13     | Noticed a centaur warrior
 15572 | D:13     | Killed a centaur warrior
 15611 | D:13     | Noticed a vault guard
 15646 | D:13     | Killed a vault guard
 15647 | D:13     | Reached skill level 9 in Evocations
 15653 | D:13     | Noticed a vault guard
 15695 | D:13     | Reached skill level 11 in Dodging
 15695 | D:13     | Reached skill level 17 in Stealth
 15697 | D:13     | Received a gift from Trog
 15701 | D:13     | T - a +1 double sword of flaming {longrare=g}
 16226 | D:14     | HP: 11/86 [white ugly thing (33)]
 16470 | D:14     | Noticed a centaur warrior
 16473 | D:14     | Reached skill level 5 in Armour
 16476 | D:14     | Killed a centaur warrior
 16496 | D:14     | Noticed a centaur warrior
 16501 | D:14     | Killed a centaur warrior
 16587 | D:14     | Reached XP level 14. HP: 92/92 MP: 14/14
 16780 | D:14     | Reached skill level 18 in Stealth
 17207 | D:14     | Reached skill level 10 in Evocations
 17538 | D:15     | Entered Level 15 of the Dungeon
 17820 | Lair:1   | Entered Level 1 of the Lair of Beasts
 17975 | Lair:1   | Reached skill level 12 in Dodging
 18245 | Lair:1   | Reached skill level 19 in Stealth
 18449 | Lair:1   | Found a frozen archway.
 18622 | Lair:1   | Identified the +3 quick blade of Subjectivity {vorpal,
                  | Drain rPois Will++ rCorr} (Trog gifted it to you on level 1
                  | of the Lair of Beasts)
 18622 | Lair:1   | Received a gift from Trog
 18703 | Lair:1   | V - the +3 quick blade of Subjectivity {vorpal, Drain rPois
                  | Will++ rCorr, shortrare=g}
 18992 | Lair:1   | Reached skill level 11 in Evocations
 19021 | Lair:1   | You pick up a book of Unlife {forbidden} and begin
                  | reading...
 19021 | Lair:1   | You add the spells Animate Dead, Borgnjor's Vile Clutch and
                  | Death Channel to your library.
 19193 | Lair:1   | You pick up a book of Storms {forbidden} and begin
                  | reading...
 19193 | Lair:1   | You add the spells Summon Lightning Spire and Lightning
                  | Bolt to your library.
 19496 | Lair:2   | Found a hole to the Spider Nest.
 19873 | Lair:2   | Found a transporter.
 20003 | Lair:2   | Found a transporter.
 20564 | Lair:3   | Reached skill level 20 in Stealth
 20683 | Lair:2   | Reached skill level 13 in Dodging
 20998 | Lair:3   | Found a dark tunnel.
 21076 | Lair:3   | Reached XP level 15. HP: 96/96 MP: 15/15
 21102 | Lair:3   | You pick up a book of Unlife {forbidden} and begin
                  | reading...
 21112 | Lair:3   | Found a staircase to the Swamp.
 21333 | Lair:3   | Found a snail-covered altar of Cheibriados.
 21602 | Lair:4   | Reached skill level 12 in Evocations
 21640 | Lair:4   | Found a staircase to the Slime Pits.
 22137 | Lair:4   | Identified the +8 long sword of Cheibriados {pain, rF++
                  | Str+7 Stlth-}
 22307 | Lair:4   | Received a gift from Trog
 22311 | Lair:4   | Noticed Nessos
 22315 | Lair:4   | Killed Nessos
 22316 | Lair:4   | Reached skill level 14 in Dodging
 22590 | Lair:4   | Reached skill level 13 in Evocations
 22834 | Lair:5   | Entered Level 5 of the Lair of Beasts
 23034 | Lair:5   | Reached skill level 14 in Evocations
 23585 | Lair:5   | You drop a +1 double sword of flaming {longrare=g}.
 23586 | Lair:5   | T - a +1 double sword of flaming {longrare=g}
 23754 | Lair:5   | Received a gift from Trog
 23886 | Lair:5   | Reached skill level 13 in Fighting
 24183 | Lair:5   | You drop a +1 double sword of flaming {longrare=g}.
 24195 | Lair:5   | Could not pick up a +1 double sword of flaming {longrare=g}
                  | here; ([A]lways) ignore it?
 24286 | Lair:5   | Identified the +2 robe "Dymej" {rPois Str+2 Dex+4}
 24392 | Lair:5   | Paralysed by a hornet for 3 turns
 24722 | Lair:5   | Reached skill level 7 in Throwing
 24892 | Lair:5   | Received a gift from Trog
 24957 | Lair:5   | Paralysed by a hornet for 3 turns
 24969 | Lair:5   | Reached XP level 16. HP: 102/105 MP: 16/16
 25309 | D:13     | Reached skill level 14 in Fighting
 25408 | D:13     | Found a gate to the Vaults.
 26109 | D:15     | Reached skill level 15 in Fighting
 26191 | D:15     | Reached skill level 15 in Dodging
 26373 | D:15     | Found a staircase to the Depths.
 26418 | D:15     | Reached skill level 8 in Throwing
 26764 | Orc:1    | Entered Level 1 of the Orcish Mines
 27101 | Orc:2    | Entered Level 2 of the Orcish Mines
 27247 | Orc:2    | Reached skill level 21 in Stealth
 27293 | Orc:2    | Found Nenink's Armour Emporium.
 27487 | Orc:2    | Found a staircase to the Elven Halls.
 27623 | Orc:2    | Received a gift from Trog
 28061 | Orc:2    | Found Qemihuaw's General Store.
 28064 | Orc:2    | Found Pur Quips's Magic Scroll Boutique.
 28069 | Orc:2    | Bought a scroll of blinking for 97 gold pieces
 28069 | Orc:2    | Bought a scroll of blinking for 97 gold pieces
 28069 | Orc:2    | Bought a scroll of fear for 52 gold pieces
 28078 | Orc:2    | Found Myl Ufaj's Weapon Boutique.
 28080 | Orc:2    | Found Fetz's Antique Armour Shoppe.
 28086 | Orc:2    | Bought a glowing scarf for 280 gold pieces
 28086 | Orc:2    | Bought a smoking ring mail for 315 gold pieces
 28086 | Orc:2    | Identified the +5 ring mail "Imif Egumna" {-Tele Slay+6}
                  | (You bought it in a shop on level 2 of the Orcish Mines)
 28091 | Orc:2    | Bought a +0 rapier of electrocution for 168 gold pieces
 28290 | Swamp:1  | Entered Level 1 of the Swamp
 28315 | Swamp:1  | Reached skill level 9 in Throwing
 28557 | Swamp:1  | Found a transporter.
 28557 | Swamp:1  | Found a transporter.
 28557 | Swamp:1  | Noticed Kowneoh's ghost (adept DjGl)
 28621 | Swamp:1  | Identified the +2 cloak "Juegoer" {rF- rC++ Will+ rCorr
                  | Str+3}
 29194 | Swamp:2  | Identified the +6 war axe "Gengu" {speed, Dex+2}
 29277 | Swamp:2  | Reached skill level 16 in Dodging
 29304 | Swamp:2  | Reached XP level 17. HP: 113/113 MP: 17/17
 29667 | Swamp:2  | Reached skill level 10 in Throwing
 29683 | Swamp:2  | Reached skill level 22 in Stealth
 29847 | Swamp:2  | Noticed a thorn hunter
 29851 | Swamp:2  | Killed a thorn hunter
 30213 | Swamp:3  | Noticed Aizul
 30217 | Swamp:3  | Killed Aizul
 30225 | Swamp:3  | Noticed Nikola
 30248 | Swamp:3  | Noticed a tentacled monstrosity
 30253 | Swamp:3  | Killed Nikola
 30451 | Swamp:2  | HP: 38/169 [constriction (9)]
 30453 | Swamp:2  | Killed a tentacled monstrosity
 31184 | Swamp:3  | You pick up a book of Decay {forbidden} and begin
                  | reading...
 31393 | Swamp:4  | Entered Level 4 of the Swamp
 31610 | Swamp:4  | Reached skill level 23 in Stealth
 31792 | Swamp:4  | Reached skill level 17 in Dodging
 31844 | Swamp:4  | Reached skill level 6 in Shields
 32065 | Swamp:4  | Reached ****** piety under Trog
 32479 | Swamp:4  | Received a gift from Trog
 32576 | Swamp:4  | Reached skill level 7 in Shields
 32820 | Swamp:4  | Reached XP level 18. HP: 119/119 MP: 18/18
 32866 | Swamp:4  | Got a decaying rune of Zot
 33337 | Spider:1 | Entered Level 1 of the Spider Nest
 33356 | Lair:2   | Reached skill level 18 in Dodging
 33771 | Spider:1 | Noticed Mlioglotl
 33873 | Spider:1 | Noticed Roxanne
 33994 | Spider:1 | Reached skill level 12 in Short Blades
 34023 | Spider:1 | Received a gift from Trog
 34039 | Spider:1 | t - a +5 vorpal quick blade {shortrare=g}
 34321 | Spider:1 | Reached skill level 13 in Short Blades
 34532 | Spider:1 | a meliai comes into view. It is wielding a +0 hand axe and
                  | wearing the +1 robe of Vines {NoPotionHeal Regen++++}.
 34758 | Spider:1 | Killed Mlioglotl
 34894 | Spider:1 | Reached skill level 14 in Short Blades
 35617 | Spider:2 | Reached skill level 8 in Shields
 35905 | Spider:2 | Received a gift from Trog
 36826 | Spider:2 | Reached skill level 19 in Dodging
 37371 | Spider:3 | Reached skill level 9 in Shields
 37422 | Spider:3 | Reached XP level 19. HP: 124/124 MP: 19/19
 37794 | Spider:3 | Noticed Jorgrun
 37806 | Spider:3 | Killed Jorgrun
 37812 | Spider:3 | Received a gift from Trog
 37841 | Spider:3 | P - a +5 quick blade {shortrare=g}
 38475 | Spider:4 | Entered Level 4 of the Spider Nest
 38479 | Spider:4 | Reached skill level 10 in Shields
 38548 | Spider:3 | Reached skill level 20 in Dodging
 39344 | Spider:3 | Received a gift from Trog
 39492 | Spider:3 | HP: 28/124 [disintegration (50)]
 39493 | Spider:3 | HP: 11/186 [disintegration (32)]
 39959 | Spider:3 | Reached skill level 11 in Shields
 40108 | Spider:4 | Identified the +0 leather armour of Sin {Fly}
 40472 | Spider:4 | Reached skill level 21 in Dodging
 40501 | Spider:4 | Reached XP level 20. HP: 129/129 MP: 20/20
 40588 | Spider:4 | Identified the +4 hat of Qiggichuet {Dex+6}
 40615 | Spider:4 | Got a gossamer rune of Zot
 40882 | Elf:1    | Entered Level 1 of the Elven Halls
 40882 | Elf:1    | Found a runed translucent gate.
 40882 | Elf:1    | Found a runed translucent gate.
 40882 | Elf:1    | Found a runed translucent gate.
 40882 | Elf:1    | Found a runed translucent gate.
 40882 | Elf:1    | Found a runed translucent gate.
 40882 | Elf:1    | Found a runed translucent gate.
 40910 | Elf:1    | Found a runed translucent door.
 40953 | Elf:1    | Found a runed translucent door.
 41024 | Elf:1    | Noticed Azrael
 41131 | Elf:1    | Killed Azrael
 41370 | Elf:1    | Received a gift from Trog
 41659 | Elf:1    | Reached skill level 12 in Shields
 41893 | Elf:1    | You pick up a book of Rime {forbidden} and begin reading...
 41893 | Elf:1    | You add the spells Ice Form and Summon Ice Beast to your
                  | library.
 42228 | Elf:1    | Received a gift from Trog
 42328 | Elf:1    | Reached skill level 22 in Dodging
 42398 | Elf:2    | Found Yrchy's General Store.
 42422 | Elf:2    | Found a runed translucent gate.
 42422 | Elf:2    | Found a runed translucent gate.
 42422 | Elf:2    | Found a runed translucent gate.
 42767 | Elf:2    | You pick up a book of Touch {forbidden} and begin
                  | reading...
 42767 | Elf:2    | You add the spells Static Discharge and Sticky Flame to
                  | your library.
 42875 | Elf:2    | Found a runed translucent gate.
 42875 | Elf:2    | Noticed marklar909's ghost (adept PaFi)
 42884 | Elf:2    | Found a runed translucent gate.
 42885 | Elf:2    | Found a runed translucent gate.
 43164 | Elf:3    | Entered Level 3 of the Elven Halls
 43353 | Elf:3    | Received a gift from Trog
 44121 | Elf:3    | Reached skill level 23 in Dodging
 44351 | Elf:3    | Noticed an Ice Fiend
 44549 | Elf:3    | HP: 19/102 [deep elf annihilator/crystal spear (56)]
 44645 | Elf:3    | Reached XP level 21. HP: 105/114 MP: 21/21
 44697 | Elf:3    | Reached skill level 24 in Dodging
 44707 | Elf:3    | Identified the amulet of the Flying Gods {rElec Regen+
                  | Stlth+}
 44757 | Elf:3    | Received a gift from Trog
 44813 | Elf:3    | Identified the ring "Iziclor" {Fly Int+6}
 44969 | Elf:3    | You add the spells Ignite Poison, Fireball and Starburst to
                  | your library.
 44969 | Elf:3    | Got the Collected Works on Igneous Illusion {forbidden}
 44977 | Elf:3    | You drop the +3 quick blade of Subjectivity {vorpal, Drain
                  | rPois Will++ rCorr, shortrare=g}.
 44978 | Elf:3    | V - the +3 quick blade of Subjectivity {vorpal, Drain rPois
                  | Will++ rCorr, shortrare=g}
 44979 | Elf:3    | You drop the +3 quick blade of Subjectivity {vorpal, Drain
                  | rPois Will++ rCorr, shortrare=g}.
 44981 | Elf:3    | Could not pick up the +3 quick blade of Subjectivity
                  | {vorpal, Drain rPois Will++ rCorr, shortrare=g} here;
                  | ([A]lways) ignore it?
 44986 | Elf:3    | You pick up a book of Vapours {forbidden} and begin
                  | reading...
 45001 | Elf:3    | Identified the +1 robe of Zyekow {rC+}
 45003 | Elf:3    | Identified the +2 robe "Nafuihav" {rC++ Slay+2}
 45006 | Elf:3    | Identified the +1 pair of boots "Erusmoi" {+Inv Stlth+}
 45010 | Elf:3    | Identified the +11 dagger of Inflation {freeze, rF- rN+++
                  | Str-4 SInv}
 45012 | Elf:3    | Identified the +0 pair of gloves "Fauton" {Will+}
 45333 | Vaults:1 | Entered Level 1 of the Vaults
 45892 | Vaults:1 | Reached skill level 25 in Dodging
 46139 | Vaults:1 | Received a gift from Trog
 46908 | Vaults:1 | Reached skill level 26 in Dodging
 47684 | Vaults:2 | Received a gift from Trog
 47773 | Vaults:2 | Reached XP level 22. HP: 122/140 MP: 22/22
 47781 | Vaults:2 | quicksilver dragon scales {rare}; a quicksilver dragon
                  | corpse
 47781 | Vaults:2 | quicksilver dragon scales {rare}; a quicksilver dragon
                  | corpse
 47781 | Vaults:2 | quicksilver dragon scales {rare}; a quicksilver dragon
                  | corpse
 47781 | Vaults:2 | Could not pick up quicksilver dragon scales {rare} here;
                  | ([A]lways) ignore it?
 47784 | Vaults:2 | quicksilver dragon scales {rare}; a quicksilver dragon
                  | corpse
 47993 | Vaults:2 | You pick up a book of Storms {forbidden} and begin
                  | reading...
 48238 | Vaults:2 | Reached skill level 27 in Dodging
 48668 | Vaults:2 | Reached skill level 6 in Armour
 48674 | Vaults:3 | Noticed a dread lich
 48707 | Vaults:2 | Killed a dread lich
 48836 | Vaults:3 | Reached skill level 7 in Armour
 48903 | Vaults:3 | Noticed Zenata
 49009 | Vaults:3 | HP: 34/140 [vault warden/+0 halberd (23)]
 49030 | Vaults:3 | Received a gift from Trog
 49032 | Vaults:3 | Reached skill level 8 in Armour
 49157 | Vaults:3 | Found a staircase to the Crypt.
 49309 | Vaults:3 | Found Faoc's Magic Scroll Shop.
 49314 | Vaults:3 | Bought a scroll of enchant armour for 97 gold pieces
 49314 | Vaults:3 | Bought a scroll of brand weapon for 123 gold pieces
 49314 | Vaults:3 | Bought a scroll of enchant weapon for 97 gold pieces
 49314 | Vaults:3 | Bought a scroll of summoning for 123 gold pieces
 49314 | Vaults:3 | your +5 quick blade {shortrare=g} projects an invisible
                  | shield of force!
 49314 | Vaults:3 | P - a +5 quick blade of protection {shortrare=g}
 49680 | Vaults:3 | Killed Zenata
 49768 | Vaults:3 | Reached skill level 9 in Armour
 49784 | Vaults:3 | HP: 31/140 [war gargoyle/+3 flail of protection[a
                  | peacekeeper] (43)]
 49792 | Vaults:3 | HP: 11/140 [war gargoyle/+3 flail of protection[a
                  | peacekeeper] (43)]
 49794 | Vaults:3 | Demolished by a war gargoyle

Vanquished Creatures
  A dread lich (Vaults:2)
  Nikola (Swamp:3)
  A tentacled monstrosity (Swamp:2)
  Mlioglotl (Spider:1)
  Zenata (Vaults:3)
  A lich (Vaults:1)
  3 deep elf master archers
  2 deep elf blademasters (Elf:3)
  A quicksilver dragon (Vaults:2)
  Gastronok (D:10)
  A thorn hunter (Swamp:2)
  A revenant (Vaults:3)
  Aizul (Swamp:3)
  3 deep elf sorcerers
  3 orc warlords
  8 vault wardens
  6 emperor scorpions
  4 ghost moths
  6 deep elf elementalists
  A ghoul (Vaults:3)
  8 ironbound preservers
  A stone giant (D:15)
  2 broodmothers
  3 war gargoyles (Vaults:2)
  3 ironbound thunderhulks
  A vampire knight (Vaults:3)
  Nessos (Lair:4)
  9 dire elephants
  6 deep elf demonologists (Elf:3)
  3 eleionomae
  A spark wasp (Spider:3)
  4 deep elf annihilators
  Azrael (Elf:1)
  7 entropy weavers
  6 bunyips
  A crystal guardian (Vaults:2)
  4 deep elf death magi (Elf:3)
  3 deep elf high priests (Elf:3)
  Josephine (D:11)
  3 great orbs of eyes
  4 yaktaur captains
  23 hydras
  A shambling mangrove (Swamp:4)
  5 boulder beetles
  A rakshasa (D:15)
  4 peacekeepers
  5 vault guards
  4 ironbound frosthearts
  A jorogumo (Spider:3)
  13 centaur warriors
  2 radroaches (Spider:3)
  2 catoblepae (Lair:5)
  A spriggan air mage (Swamp:2)
  4 two-headed ogres
  8 alligators
  13 dancing weapons
  3 ghost crabs
  A death knight (Vaults:3)
  5 tengu warriors
  A death yak (Lair:2)
  A spriggan berserker (Swamp:4)
  3 orc high priests (Orc:2)
  11 deep elf knights
  8 skeletal warriors
  7 sun moths
  10 pharaoh ants
  8 steelbarb worms
  5 goliath frogs
  2 spriggan druids
  21 orb spiders
  11 deep trolls
  7 ironbound convokers
  Pikel (D:4)
  6 wizards
  A necromancer (Vaults:2)
  9 lindwurms
  8 deep elf archers
  8 swamp dragons
  7 bog bodies
  14 orc knights
  4 harpies (Vaults:1)
  21 deep elf zephyrmancers
  A stone giant zombie (Vaults:3)
  A phantasmal warrior (Vaults:1)
  A mana viper (shapeshifter) (D:13)
  28 deep elf pyromancers
  29 wolf spiders
  22 ugly things
  5 orc sorcerers
  3 moths of wrath
  6 cyclopes
  4 will-o-the-wisps
  A guardian serpent (shapeshifter) (Elf:2)
  7 vault sentinels
  18 elephants
  A human skeleton (Vaults:3)
  Maurice (D:8)
  Joseph (D:8)
  7 black mambas
  10 cane toads
  3 torpor snails
  A gargoyle (D:12)
  19 yaktaurs
  4 rime drakes
  8 komodo dragons
  5 demonic crawlers
  An efreet (D:15)
  2 freezing wraiths
  3 tengu conjurers
  15 meliai
  5 trolls
  11 hornets
  4 polar bears (Lair:5)
  34 tarantellas
  Grinder (D:5)
  10 tyrant leeches
  13 slime creatures
  10 blink frogs (Lair:1)
  An ettin zombie (Vaults:3)
  An air elemental (Elf:2)
  2 centaur simulacra
  36 jumping spiders
  2 wyverns
  19 spriggans
  31 culicivoras
  2 shadows (D:11)
  A vampire (D:10)
  A human (D:13)
  A water elemental (Elf:2)
  Eustachio (D:5)
  8 wraiths
  7 basilisks
  A steam dragon (D:10)
  68 yaks
  75 redbacks
  6 fire elementals
  6 vampire mosquitoes (Swamp:2)
  Menkaure (D:5)
  3 wargs
  21 swamp worms
  19 water moccasins
  Duvessa (D:5)
  5 hell hounds
  12 swamp drakes
  17 orc warriors
  A sky beast (D:7)
  5 black bears
  3 boggarts (Lair:5)
  3 ogres
  25 wolves
  4 centaurs
  An ogre (shapeshifter) (Elf:1)
  A phantom (D:6)
  3 kobold brigands (D:8)
  2 lemures
  Blork the orc (D:6)
  14 bullfrogs
  2 necrophages (D:6)
  An earth elemental (Elf:2)
  6 gnoll sergeants
  A cane toad simulacrum (Lair:1)
  4 scorpions
  4 wights (D:10)
  Dowan (D:5)
  14 killer bees
  6 electric eels
  3 hounds
  A quasit (D:7)
  12 orc priests
  A gnoll bouda (D:5)
  2 jellies
  An iguana (D:6)
  21 orc wizards
  A scorpion zombie (D:3)
  6 hell rats (Lair:5)
  A hound skeleton (D:3)
  2 mummies (Ossuary)
  33 gnolls
  10 adders
  3 shadow imps (D:8)
  3 white imps
  3 ufetubi
  11 adder zombies
  2 adder skeletons (D:3)
  A worm (D:3)
  73 orcs
  11 ball pythons
  2 endoplasms
  5 giant cockroaches
  2 gnoll zombies (Ossuary)
  6 goblins
  11 hobgoblins
  11 kobolds
  2 quokkas
  A ball python skeleton (D:3)
  A ball python zombie (D:3)
  4 bats
  4 frilled lizards
  A goblin zombie (D:5)
  4 hobgoblin zombies (Ossuary)
  6 kobold zombies (Ossuary)
  4 orc zombies (Ossuary)
  2 quokka zombies (D:3)
  2 rats
  A rat zombie (D:5)
1404 creatures vanquished.

Vanquished Creatures (collateral kills)
  Jorgrun (Spider:3)
  A deep elf sorcerer (Elf:3)
  A vault warden (Vaults:3)
  An ironbound preserver (Vaults:3)
  An ironbound thunderhulk (Vaults:3)
  A deep elf annihilator (Elf:3)
  2 deep elf death magi (Elf:3)
  A deep elf knight (Elf:3)
  A steelbarb worm (Spider:3)
  A pharaoh ant (Spider:1)
  An orb spider (Spider:3)
  3 orc knights (Orc:2)
  2 wolf spiders
  A torpor snail (Spider:1)
  2 vault sentinels (Vaults:3)
  A demonic crawler (Spider:3)
  3 tarantellas
  2 slime creatures (Vaults:3)
  4 jumping spiders (Spider:3)
  A water elemental (Elf:3)
  A redback (Spider:3)
  An orc warrior (Orc:2)
  An orc priest (Orc:2)
34 creatures vanquished.

Vanquished Creatures (others)
  A deep elf elementalist (Elf:3)
  A dancing weapon (Elf:1)
  An orb spider (Spider:4)
  A deep elf pyromancer (Elf:2)
  2 bloated husks
  A fire elemental (Elf:2)
  2 hell hounds (Elf:1)
  An orc warrior (Orc:2)
  4 demonic plants (D:8)
  4 foxfires (Swamp:2)
  37 fungi
  144 plants
  4 toadstools (Swamp:2)
  4 withered plants (D:3)
207 creatures vanquished.

Grand Total: 1645 creatures vanquished

Table legend:
 A = Non-vault XP
 B = Vault XP
 C = Vault XP percentage of total XP
 D = Non-vault monster count
 E = Vault monster count
 F = Vault count percentage of total count
                 A         B        C        D         E       F
            +---------+---------+-------+---------+---------+-------
      Total |  352530 |  210494 |  37.4 |     988 |     455 |  31.5
            +---------+---------+-------+---------+---------+-------
        D:1 |      23 |       5 |  17.9 |      13 |       3 |  18.8
        D:2 |      78 |       0 |   0.0 |      20 |       0 |   0.0
        D:3 |     151 |     193 |  56.1 |      23 |      17 |  42.5
        D:4 |     218 |     673 |  75.5 |       8 |       1 |  11.1
        D:5 |     410 |     874 |  68.1 |      13 |       7 |  35.0
        D:6 |    1439 |     133 |   8.5 |      34 |       2 |   5.6
        D:7 |    2498 |      45 |   1.8 |      40 |       1 |   2.4
        D:8 |    2082 |    1140 |  35.4 |      30 |      12 |  28.6
        D:9 |    2512 |     595 |  19.2 |      16 |      17 |  51.5
       D:10 |    3959 |    2288 |  36.6 |      17 |      24 |  58.5
       D:11 |    2348 |    1944 |  45.3 |       6 |       6 |  50.0
       D:12 |    4558 |     293 |   6.0 |       9 |       2 |  18.2
       D:13 |   10565 |   10744 |  50.4 |      18 |      16 |  47.1
       D:14 |   10227 |       0 |   0.0 |      21 |       0 |   0.0
       D:15 |   13961 |    1088 |   7.2 |      24 |       1 |   4.0
     Lair:1 |    9322 |     913 |   8.9 |      38 |       3 |   7.3
     Lair:2 |    6757 |     558 |   7.6 |      28 |       3 |   9.7
     Lair:3 |    4515 |     710 |  13.6 |      10 |       3 |  23.1
     Lair:4 |   10269 |    1047 |   9.3 |      33 |       1 |   2.9
     Lair:5 |   12335 |    9878 |  44.5 |      53 |      49 |  48.0
    Swamp:1 |   11156 |     277 |   2.4 |      19 |       1 |   5.0
    Swamp:2 |   15973 |    1387 |   8.0 |      33 |       1 |   2.9
    Swamp:3 |    9891 |    3427 |  25.7 |      19 |       2 |   9.5
    Swamp:4 |   10097 |   18430 |  64.6 |      19 |      31 |  62.0
   Spider:1 |   24288 |    8265 |  25.4 |      74 |      16 |  17.8
   Spider:2 |   21533 |       0 |   0.0 |      56 |       0 |   0.0
   Spider:3 |   37199 |   20713 |  35.8 |      91 |      35 |  27.8
   Spider:4 |    5253 |    9906 |  65.3 |      10 |      19 |  65.5
      Orc:1 |    1052 |       0 |   0.0 |      15 |       0 |   0.0
      Orc:2 |    3468 |    9471 |  73.2 |      24 |      29 |  54.7
      Elf:1 |   15792 |   17079 |  52.0 |      25 |      31 |  55.4
      Elf:2 |    8071 |    3647 |  31.1 |      16 |       5 |  23.8
      Elf:3 |   16498 |   32937 |  66.6 |      28 |      30 |  51.7
   Vaults:1 |   33183 |   14766 |  30.8 |      45 |      22 |  32.8
   Vaults:2 |   21858 |   20147 |  48.0 |      28 |      19 |  40.4
   Vaults:3 |   18991 |   16817 |  47.0 |      32 |      20 |  38.5
    Ossuary |       0 |     104 | 100.0 |       0 |      26 | 100.0
            +---------+---------+-------+---------+---------+-------

Illustrated notes

Table legend:
 A = Kills in this place as a percentage of kills in entire the game.
 B = Kills by you in this place as a percentage of kills by you in the entire game.
 C = Kills by friends in this place as a percentage of kills by friends in the entire game.
 D = Other kills in this place as a percentage of other kills in the entire game.
 E = Experience gained in this place as a percentage of experience gained in the entire game.
 F = Experience gained in this place divided by the number of levels of this place that you have seen.
                   A       B       C       D       E      F
               +-------+-------+-------+-------+-------+----------------------
         Total | 100.0 | 100.0 | 100.0 | 100.0 | 100.0 | 15216.9
       Dungeon |  27.8 |  28.6 |   0.0 |   0.0 |  13.3 | 5002.9
          Lair |  15.3 |  15.8 |   0.0 |   0.0 |  10.0 | 11260.8
         Swamp |   8.7 |   8.8 |   0.0 |  14.3 |  12.5 | 17659.5
   Spider Nest |  20.9 |  20.3 |  47.1 |   0.0 |  22.6 | 31789.2
  Orcish Mines |   4.7 |   4.4 |  14.7 |  14.3 |   2.5 | 6995.5
   Elven Halls |   9.4 |   8.8 |  17.6 |  71.4 |  16.7 | 31341.3
        Vaults |  11.5 |  11.3 |  20.6 |   0.0 |  22.3 | 41920.7
       Ossuary |   1.8 |   1.9 |   0.0 |   0.0 |   0.0 | 104.0
               +-------+-------+-------+-------+-------+----------------------

Table legend: (Time is in decaauts)
 A = Elapsed time spent in this place.
 B = Non-inter-level travel time spent in this place.
 C = Inter-level travel time spent in this place.
 D = Time resting spent in this place.
 E = Time spent auto-exploring this place.
 F = Levels seen in this place.
 G = Mean time per level.
                   A        B        C        D        E       F      G
               +--------+--------+--------+--------+--------+-----+--------+
         Total |  45118 |  42408 |   2710 |   5481 |  22771 |  37 | 1219.4 |
       Dungeon |  18384 |  17161 |   1223 |   2891 |  10025 |  15 | 1225.6 |
          Lair |   6534 |   6222 |    312 |    517 |   4336 |   5 | 1306.8 |
         Swamp |   4321 |   4085 |    236 |    636 |   1931 |   4 | 1080.2 |
   Spider Nest |   6481 |   6106 |    375 |    932 |   2260 |   4 | 1620.2 |
  Orcish Mines |   1500 |   1258 |    242 |    254 |    618 |   2 |  750.0 |
   Elven Halls |   3682 |   3496 |    186 |    119 |   1381 |   3 | 1227.3 |
        Vaults |   4003 |   3870 |    133 |     96 |   2218 |   3 | 1334.3 |
       Ossuary |    209 |    209 |      0 |     34 |      0 |   1 |  209.0 |
               +--------+--------+--------+--------+--------+-----+--------+

Top non-repeatable levels by time:
Spider:3: 2160 daAuts
Vaults:1: 1840 daAuts
Spider:1: 1792 daAuts
   Elf:3: 1685 daAuts
  Lair:5: 1684 daAuts
Spider:2: 1683 daAuts
 Swamp:4: 1625 daAuts
    D:10: 1613 daAuts
     D:3: 1590 daAuts
     D:4: 1494 daAuts
  Lair:1: 1482 daAuts
     D:7: 1430 daAuts
     D:6: 1411 daAuts
    D:14: 1361 daAuts
  Lair:2: 1317 daAuts
